Map: Tempio ghiacciato

Players

Jhyrachy - Winner!

  • Race: Zerg Zerg
  • League: Silver

TeranoZavr

  • Race: Terran Terran
  • League: Silver

VOD

Have the link to the VOD?

Description

Time

  • Played on: April 5, 2016, 9:17 a.m.
  • Length: 10:23
Show
View Real Time Build Order
Export as new Build Order

Jhyrachy Zerg - Winner!

Build Orders: Hatch First 

Get SALT Encoding   

  12  0:02  Drone  
  13  0:13  Overlord  
  13  0:18  Drone  
  14  0:32  Drone x2  
  16  0:37  Drone  
  17  0:56  Hatchery  
  16  0:58  Drone  
  17  1:13  Spawning Pool  
  16  1:29  Overlord  
  16  1:34  Drone  
  16  1:35  Drone  
  18  2:00  Zergling x2  
  18  2:01  Zergling x2  
  20  2:03  Queen  
  22  2:09  Spine Crawler  
  22  2:11  Spine Crawler  
  22  2:14  Zergling x2  
  21  2:30  Zergling x6  
  21  2:31  Zergling x4  
  21  2:32  Queen  
  28  3:05  Drone x6  
  34  3:20  Drone  
  34  3:21  Drone  
  34  3:22  Overlord  
  36  3:56  Drone x2  
  36  3:57  Drone x2  
  36  4:00  Extractor  
  39  4:03  Drone x6, Extractor  
  39  4:04  Overlord  
  39  4:07  Hatchery  
  36  4:53  Queen  
  38  5:13  Zergling x2  
  38  5:24  Queen  
  40  5:45  Queen x2  
  44  5:54  Drone  
  44  5:55  Drone x13  
  44  5:57  Overlord x2  
  58  6:03  Zergling x2  
  58  6:33  Lair  
  58  6:40  Extractor  
  58  6:42  Extractor  
  58  6:45  Extractor, Drone  
  58  6:46  Drone x2, Extractor  
  57  6:48  Drone x3  
  57  6:52  Drone  
  57  6:53  Drone x2  
  63  6:54  Drone x3  
  66  7:04  Spore Crawler  
  65  7:10  Spore Crawler  
  65  7:14  Queen x2  
  68  7:31  Overlord x4  
  68  7:39  Pneumatized Carapace  
  68  8:02  Spire  
  67  8:31  Overlord x3  
  66  9:16  Mutalisk x10  
  66  9:17  Mutalisk x11  
  108  9:25  Overseer  
  108  9:43  Hatchery  
Show
View Real Time Build Order
Export as new Build Order

TeranoZavr Terran 

Build Orders:  

Get SALT Encoding   

  12  0:01  SCV  
  13  0:14  Supply Depot  
  13  0:26  SCV  
  14  0:38  SCV  
  15  0:50  SCV  
  16  1:10  Barracks  
  16  1:11  SCV, Supply Depot, Barracks  
  17  1:23  SCV  
  17  1:25  Supply Depot  
  18  1:35  SCV  
  18  1:36  Refinery  
  19  1:47  SCV  
  20  1:59  SCV  
  21  2:08  Marine  
  21  2:15  Bunker  
  22  2:16  Marine  
  22  2:20  Bunker  
  23  2:26  Marine  
  19  2:56  Orbital Command  
  19  2:58  Factory  
  19  3:04  Barracks  
  19  3:05  Refinery  
  19  3:09  Engineering Bay  
  19  3:21  Bunker  
  19  3:25  Supply Depot  
  19  3:47  Supply Depot  
  19  3:53  Marine  
  20  4:08  Factory Tech Lab  
  20  4:11  Marine  
  21  4:29  Siege Tank  
  20  4:31  Barracks Tech Lab  
  5  4:49  Marine  
  5  4:50  Marine  
  5  5:12  SCV  
  6  5:24  SCV  
  7  5:53  Supply Depot  
  7  6:04  SCV  
  8  6:20  Marine  
  9  6:28  Marine  
  10  6:37  SCV  
  11  6:49  SCV  
  12  7:01  SCV  
  13  7:13  SCV  
  14  7:25  SCV  
  15  7:35  Siege Tank  
  18  7:38  SCV  
  19  7:50  SCV  
  20  8:02  SCV  
  21  8:14  SCV  
  22  8:24  Siege Tank  
  22  8:26  SCV  
  26  8:35  Building Armor  
  26  8:38  SCV  
  27  9:22  Missile Turret  
  27  9:43  Missile Turret  
  27  9:48  Bunker  
  27  9:50  SCV  
  28  10:03  Missile Turret, SCV  
Tags
 
Add a new tag
Caveats
  • Supply blocks, unpowered buildings, or Contaminate may cause inaccurate times.
  • Supply counts are checked every 10 seconds.